 Dungeon Crawl Stone Soup version 0.25-a0-566-g062765be81 (webtiles) character file.

Game seed: 511279889127616838, levelgen mode: deterministic

67 kae the Vexing (level 3, -2/15 HPs)
             Began as a Felid Enchanter on Feb 27, 2020.
             Slain by a worm (9 damage)
             ... on level 2 of the Dungeon.
             The game lasted 00:02:36 (3044 turns).

kae the Vexing (Felid Enchanter)                    Turns: 3044, Time: 00:02:37

Health: -2/15      AC:  1    Str:  2 (4)  XL:     3   Next: 98%
Magic:  5/7        EV: 17    Int: 14 (17) God:
Gold:   111        SH:  0    Dex: 13 (16) Spells: 3/6 levels left
                                        Lives:  0   Deaths: 0

rFire    . . .     SeeInvis +     - Unarmed
rCold    . . .     Gourm    .   (shield unavailable)
rNeg     . . .     Faith    .   (armour unavailable)
rPois    .         Spirit   .   (helmet unavailable)
rElec    .         Reflect  .   (cloak unavailable)
rCorr    .         Harm     .   (gloves unavailable)
MR       .....                  (boots unavailable)
Stlth    +++.......             (no amulet)
HPRegen  0.05/turn              g - ring of wizardry
MPRegen  0.10/turn              (no ring)

@: quick
A: very small, no armour, no weapons or thrown items, stealth, claws 1, fangs 3,
see invisible, carnivore, speed 1, shaggy fur 1, slow metabolism 1, sharp paws
a: no special abilities


You were on level 2 of the Dungeon.
You were not hungry.

You visited 1 branch of the dungeon, and saw 2 of its levels.

You collected 111 gold pieces.

Inventory:

Jewellery
 g - a ring of wizardry (left paw)
 j - an uncursed amulet of rage
Scrolls
 a - 3 scrolls of fear {unknown}
 c - a scroll of blinking {unknown}
 d - a scroll of teleportation {unknown}
 e - a scroll of remove curse {unknown}
 f - 3 scrolls of fog {unknown}
 h - a scroll of immolation {unknown}
Potions
 i - a potion of brilliance
Comestibles
 b - 4 rations


   Skills:
 + Level 1.1 Fighting
 - Level 2.6 Dodging
 + Level 4.6 Stealth
 * Level 2.3 Unarmed Combat
 + Level 2.4 Spellcasting
 + Level 5.0 Hexes


You had 3 spell levels left.
You knew the following spells:

 Your Spells              Type           Power        Failure   Level  Hunger
a - Corona                Hex            ###....      1%          1    #......
b - Ensorcelled Hibernat  Hex/Ice        #.....       4%          2    ###....

Your spell library contained the following spells:

 Spells                   Type           Power        Failure   Level  Hunger
 Confusing Touch          Hex            ###.....     3%          3    ###....
 Tukima's Dance           Hex            ###.....     3%          3    ###....
 Dazzling Flash           Conj/Hex       #.....       10%         3    ###....


Dungeon Overview and Level Annotations

Branches:
Dungeon (2/15)

Altars:
Trog


Innate Abilities, Weirdness & Mutations

You cannot wear armour.
You are incapable of wielding weapons or throwing items.
Your paws allow you to move quietly. (Stealth)
You have sharp claws.
You have razor-sharp teeth.
You have supernaturally acute eyesight. (SInv)
You are carnivorous and can eat meat at any time.
You cover ground quickly.
You are covered in fur. (AC +1)
You have a slow metabolism.
Your sharp claws are effective at attacking unaware monsters.


Message History

There is a stone staircase leading up here.
A worm is nearby!
You climb upwards.
There is a stone staircase leading down here.
You start resting.
Magic restored.
You start resting.
HP restored.
You climb downwards.
The worm bites you!
Ouch! That really hurt!
There is a stone staircase leading up here.
Unknown command.
Casting: Corona (safe; 1% risk of failure)
Confirm with . or Enter, or press ? or * to list all spells.
Aiming: Ensorcelled Hibernation (safe; 4% risk of failure)
Press: ? - help, Shift-Dir - straight line, f - worm
Aim: a worm (chance to defeat MR: 49%)
The worm resists with some effort.
The worm bites you!
Ouch! That really hurt!
You die...

#############
............. ###
###########.##### #..
......†.[(#.#
#.############.#.#
#.#..........#†#.#
#.##.#.########.#)#)##
#>.....w@.......(....##
####.#.#........#.#...#
#.#.#.####.###.#.#.#
#.#.#.# #.# #.#.#.#
#.#.#.####.# #.#.#.##
#.#.#......# #.#.#..#
#.#.######## #.#.##.#
#.#.. ..#.##.# #. #.##


You could see a worm.

Vanquished Creatures
  Robin (D:2)
  An ooze (D:1)
  A worm (D:2)
  7 bats
  12 goblins
  8 hobgoblins
  6 kobolds
  A quokka (D:2)
  2 frilled lizards
  9 rats
48 creatures vanquished.

Notes
Turn   | Place    | Note
-------+----------+-------------------------------------------
     0 | D:1      | kae the Felid Enchanter began the quest for the Orb.
     0 | D:1      | Reached XP level 1. HP: 7/7 MP: 4/4
   568 | D:1      | Reached XP level 2. HP: 7/12 MP: 4/6
   585 | D:1      | Learned a level 2 spell: Ensorcelled Hibernation
  1519 | D:2      | Noticed a moth of wrath
  1521 | D:2      | Found a bloodstained altar of Trog.
  1534 | D:2      | Reached XP level 3. HP: 15/15 MP: 7/7
  1808 | D:2      | Noticed Robin
  1964 | D:2      | Killed Robin
  1964 | D:2      | Reached skill level 1 in Fighting
  2619 | D:2      | Reached skill level 5 in Hexes
  3044 | D:2      | Slain by a worm

Levels and vault maps discovered:
D:1:      dpeg_arrival_chase, layout_loops_ring
D:2:      layout_basic, tgw_trog, uniq_robin

Skill      XL: |  1  2  3 |
---------------+----------+-----
Unarmed Combat | 2 |  2.3
Fighting       | 1 |  1.1
Hexes          | 5 |  5.0
Dodging        | |  2.6
Stealth        | |  4.6
Spellcasting   | |  2.4

Action                   || total
-------------------------++-------
Melee: Unarmed           ||   162
       Bite              ||    12
       Punch             ||     1
 Cast: Corona            ||    11
       Ensorcelled Hiber ||    16
  Use: Potion            ||     2
 Stab: Sleeping          ||    19
  Eat: Chunk             ||     6
Armor: Skin              ||     9
Dodge: Dodged            ||   134

Table legend:
 A = Non-vault XP
 B = Vault XP
 C = Vault XP percentage of total XP
 D = Non-vault monster count
 E = Vault monster count
 F = Vault count percentage of total count
                 A         B        C        D         E       F
            +---------+---------+-------+---------+---------+-------
      Total |      56 |      40 |  41.7 |      33 |      15 |  31.2
            +---------+---------+-------+---------+---------+-------
        D:1 |      38 |       0 |   0.0 |      21 |       0 |   0.0
        D:2 |      18 |      40 |  69.0 |      12 |      15 |  55.6
            +---------+---------+-------+---------+---------+-------
